| TOP OF THE 1ST |
|
Peoria Chiefs batting - Pitching for Kane County Cougars : LHP David Legg
|
|
Pitching: LHP David Legg
|
|
|
Batting: RHB Mike Quackenbush
|
0-0: Called Strike 0-1: Ground out 5-3 (Groundball, 5S, EV 91.3 MPH)
|
|
Batting: RHB John Parra
|
0-0: Foul Ball, location: 2F 0-1: Ground out 6-3 (Groundball, 6, EV 85.6 MPH)
|
|
Batting: SHB Josh Conner
|
0-0: Called Strike 0-1: Ball 1-1: Ground out 5-3 (Groundball, 56S, EV 74.4 MPH)
|
| Top of the 1st over - 0 runs, 0 hits, 0 errors, 0 left on base; Peoria 0 - Kane County 0 |
| BOTTOM OF THE 1ST |
|
Kane County Cougars batting - Pitching for Peoria Chiefs : RHP Cory Viola
|
|
Pitching: RHP Cory Viola
|
|
|
Batting: RHB Eddie Mitchell
|
0-0: SINGLE (Groundball, 25, EV 68.8 MPH) (infield hit)
|
|
Batting: LHB Josh Gottlieb
|
0-0: Called Strike 0-1: Ball 1-1: Foul Ball, location: 2F 1-2: Strikes out swinging
|
|
Batting: SHB Troy Maynard
|
0-0: Ball 1-0: Called Strike Eddie Mitchell steals 2nd base (no throw) 1-1: Foul Ball, location: 2F 1-2: Strikes out swinging
|
|
Batting: RHB Justin Bruce
|
0-0: Ball 1-0: Ball 2-0: Ball 3-0: Called Strike 3-1: Foul Ball, location: 2F 3-2: Strikes out swinging
|
| Bottom of the 1st over - 0 runs, 1 hit, 0 errors, 1 left on base; Peoria 0 - Kane County 0 |
| TOP OF THE 2ND |
|
Peoria Chiefs batting - Pitching for Kane County Cougars : LHP David Legg
|
|
Batting: RHB Josh Lyon
|
0-0: Called Strike 0-1: Ball 1-1: Ball 2-1: Foul Ball, location: 2F 2-2: Ball 3-2: Foul Ball, location: 2F 3-2: Strikes out swinging
|
|
Batting: RHB Shadi Njoka
|
0-0: Ball 1-0: Called Strike 1-1: Ball 2-1: Called Strike 2-2: Ball 3-2: Base on Balls
|
|
Batting: LHB Robert Rauda
|
0-0: Swinging Strike Shadi Njoka steals 2nd base 0-1: Ball 1-1: Ground out 3-1 (Groundball, 13, EV 82.5 MPH) Shadi Njoka to third
|
|
Batting: LHB Yeong-hun Joe
|
0-0: Swinging Strike 0-1: TRIPLE (Flyball, 89XD, EV 101.3 MPH) Shadi Njoka scores
|
|
Batting: SHB Duri Chilemba
|
0-0: Foul Ball, location: 2F 0-1: Foul Ball, location: 2F 0-2: Ball 1-2: Ball 2-2: Strikes out swinging
|
| Top of the 2nd over - 1 run, 1 hit, 0 errors, 1 left on base; Peoria 1 - Kane County 0 |
| BOTTOM OF THE 2ND |
|
Kane County Cougars batting - Pitching for Peoria Chiefs : RHP Cory Viola
|
|
Batting: LHB Josh Manchester
|
0-0: Ball 1-0: Called Strike 1-1: Ball 2-1: Foul Ball, location: 2F 2-2: Ground out 1-3 (Groundball, 13S, EV 70.0 MPH)
|
|
Batting: LHB Alan Kelly
|
0-0: Ball 1-0: Ball 2-0: Ball 3-0: Called Strike 3-1: Foul Ball, location: 2F 3-2: Base on Balls
|
|
Batting: RHB Rob Baker
|
0-0: Called Strike 0-1: Foul Ball, location: 2F 0-2: Strikes out looking
|
|
Batting: RHB Cody Anderson
|
0-0: Fielders Choice at 2nd, 5-4 (Groundball, 56, EV 105.0 MPH)
|
| Bottom of the 2nd over - 0 runs, 0 hits, 0 errors, 1 left on base; Peoria 1 - Kane County 0 |
| TOP OF THE 3RD |
|
Peoria Chiefs batting - Pitching for Kane County Cougars : LHP David Legg
|
|
Batting: LHB Christiaan Smits
|
0-0: Ground out 4-3 (Groundball, 4, EV 90.0 MPH)
|
|
Batting: RHB Mike Quackenbush
|
0-0: Ball 1-0: Called Strike 1-1: Fly out, F7 (Flyball, 78S, EV 73.1 MPH)
|
|
Batting: RHB John Parra
|
0-0: Ball 1-0: Ball 2-0: Ball 3-0: Called Strike 3-1: Fly out, F8 (Flyball, 78XD, EV 96.9 MPH)
|
| Top of the 3rd over - 0 runs, 0 hits, 0 errors, 0 left on base; Peoria 1 - Kane County 0 |
| BOTTOM OF THE 3RD |
|
Kane County Cougars batting - Pitching for Peoria Chiefs : RHP Cory Viola
|
|
Batting: RHB Hang-ki Yin
|
0-0: Ball 1-0: Called Strike 1-1: Ball 2-1: Called Strike 2-2: Ball 3-2: Foul Ball, location: 2F 3-2: Foul Ball, location: 2F 3-2: Foul Ball, location: 2F 3-2: Strikes out swinging
|
|
Batting: RHB Eddie Mitchell
|
0-0: Called Strike 0-1: Ball 1-1: Fly out, F9 (Flyball, 89D, EV 76.9 MPH)
|
|
Batting: LHB Josh Gottlieb
|
0-0: Called Strike 0-1: Ball 1-1: Ground out 6-3 (Groundball, 56, EV 100.6 MPH)
|
| Bottom of the 3rd over - 0 runs, 0 hits, 0 errors, 0 left on base; Peoria 1 - Kane County 0 |
| TOP OF THE 4TH |
|
Peoria Chiefs batting - Pitching for Kane County Cougars : LHP David Legg
|
|
Batting: SHB Josh Conner
|
0-0: Ball 1-0: Swinging Strike 1-1: SINGLE (Groundball, 56S, EV 72.5 MPH) (infield hit)
|
|
Batting: RHB Josh Lyon
|
0-0: Foul Ball, location: 2F 0-1: Foul Ball, location: 2F 0-2: Ball 1-2: Ball 2-2: Strikes out swinging
|
|
Batting: RHB Shadi Njoka
|
0-0: Fly out, F9 (Line Drive, 9, EV 95.0 MPH)
|
|
Batting: LHB Robert Rauda
|
0-0: Called Strike 0-1: Ball 1-1: Foul Ball, location: 2F 1-2: Foul Ball, location: 2F 1-2: Fly out, F5 (Line Drive, 5, EV 68.8 MPH)
|
| Top of the 4th over - 0 runs, 1 hit, 0 errors, 1 left on base; Peoria 1 - Kane County 0 |
| BOTTOM OF THE 4TH |
|
Kane County Cougars batting - Pitching for Peoria Chiefs : RHP Cory Viola
|
|
Batting: SHB Troy Maynard
|
0-0: Foul Ball, location: 2F 0-1: Swinging Strike 0-2: Foul Ball, location: 2F 0-2: Ball 1-2: Ball 2-2: Foul Ball, location: 2F 2-2: Foul Ball, location: 2F 2-2: Strikes out swinging
|
|
Batting: RHB Justin Bruce
|
0-0: Ground out 4-3 (Groundball, 4, EV 108.1 MPH)
|
|
Batting: LHB Josh Manchester
|
0-0: Called Strike 0-1: Ball 1-1: Foul Ball, location: 2F 1-2: Ball 2-2: Ground out 6-3 (Groundball, 6, EV 78.1 MPH)
|
| Bottom of the 4th over - 0 runs, 0 hits, 0 errors, 0 left on base; Peoria 1 - Kane County 0 |
| TOP OF THE 5TH |
|
Peoria Chiefs batting - Pitching for Kane County Cougars : LHP David Legg
|
|
Batting: LHB Yeong-hun Joe
|
0-0: Ball 1-0: Ground out 4-3 (Groundball, 4, EV 84.4 MPH)
|
|
Batting: SHB Duri Chilemba
|
0-0: Ball 1-0: Foul Ball, location: 2F 1-1: Ground out 1-3 (Groundball, 13S, EV 69.4 MPH)
|
|
Batting: LHB Christiaan Smits
|
0-0: Fly out, F4 (Line Drive, 4, EV 65.0 MPH)
|
| Top of the 5th over - 0 runs, 0 hits, 0 errors, 0 left on base; Peoria 1 - Kane County 0 |
| BOTTOM OF THE 5TH |
|
Kane County Cougars batting - Pitching for Peoria Chiefs : RHP Cory Viola
|
|
Batting: LHB Alan Kelly
|
0-0: Ball 1-0: Ball 2-0: Called Strike 2-1: Fly out, F4 (Line Drive, 4, EV 68.8 MPH)
|
|
Batting: RHB Rob Baker
|
0-0: Ground out 6-3 (Groundball, 6, EV 85.6 MPH)
|
|
Batting: RHB Cody Anderson
|
0-0: Fly out, F5 (Popup, 5F, EV 77.5 MPH)
|
| Bottom of the 5th over - 0 runs, 0 hits, 0 errors, 0 left on base; Peoria 1 - Kane County 0 |
| TOP OF THE 6TH |
|
Peoria Chiefs batting - Pitching for Kane County Cougars : LHP David Legg
|
|
Batting: RHB Mike Quackenbush
|
0-0: Ball 1-0: Called Strike 1-1: Ball 2-1: Foul Ball, location: 2F 2-2: Fly out, F9 (Line Drive, 9, EV 95.0 MPH)
|
|
Batting: RHB John Parra
|
0-0: Called Strike 0-1: Ball 1-1: Ball 2-1: Ball 3-1: Ground out 4-3 (Groundball, 4, EV 97.5 MPH)
|
|
Batting: SHB Josh Conner
|
0-0: Ball 1-0: Called Strike 1-1: Foul Ball, location: 2F 1-2: Strikes out swinging
|
| Top of the 6th over - 0 runs, 0 hits, 0 errors, 0 left on base; Peoria 1 - Kane County 0 |
| BOTTOM OF THE 6TH |
|
Kane County Cougars batting - Pitching for Peoria Chiefs : RHP Cory Viola
|
|
Batting: RHB Hang-ki Yin
|
0-0: Foul Ball, location: 2F 0-1: Called Strike 0-2: Ball 1-2: Ball 2-2: Strikes out swinging
|
|
Batting: RHB Eddie Mitchell
|
0-0: Foul Ball, location: 2F 0-1: Foul Ball, location: 2F 0-2: Strikes out looking
|
|
Batting: LHB Josh Gottlieb
|
0-0: Ball 1-0: Ball 2-0: Ball 3-0: Called Strike 3-1: Bunt missed! 3-2: Hit by Pitch
|
|
Batting: SHB Troy Maynard
|
0-0: Ball Josh Gottlieb steals 2nd base 1-0: Ball 2-0: Called Strike 2-1: Foul Ball, location: 2F 2-2: Fly out, F7 (Flyball, 78S, EV 81.3 MPH)
|
| Bottom of the 6th over - 0 runs, 0 hits, 0 errors, 1 left on base; Peoria 1 - Kane County 0 |
| TOP OF THE 7TH |
|
Peoria Chiefs batting - Pitching for Kane County Cougars : LHP David Legg
|
|
Batting: RHB Josh Lyon
|
0-0: Ball 1-0: Foul Ball, location: 2F 1-1: Swinging Strike 1-2: Strikes out swinging
|
|
Batting: RHB Shadi Njoka
|
0-0: Ball 1-0: Ground out 6-3 (Groundball, 6, EV 81.9 MPH)
|
|
Batting: LHB Robert Rauda
|
0-0: Ball 1-0: Swinging Strike 1-1: Ball 2-1: Ball 3-1: Base on Balls
|
|
Batting: LHB Yeong-hun Joe
|
0-0: Ball 1-0: 2-RUN HOME RUN (Flyball, 9LD, EV 100.6 MPH), Distance : 366 ft
|
|
Batting: SHB Duri Chilemba
|
0-0: Swinging Strike 0-1: Ball 1-1: Ground out 5-3 (Groundball, 5, EV 110.0 MPH)
|
| Top of the 7th over - 2 runs, 1 hit, 0 errors, 0 left on base; Peoria 3 - Kane County 0 |
| BOTTOM OF THE 7TH |
|
Kane County Cougars batting - Pitching for Peoria Chiefs : RHP Cory Viola
|
|
Batting: RHB Justin Bruce
|
0-0: Called Strike 0-1: Ball 1-1: Ball 2-1: Ball 3-1: Base on Balls
|
|
Pitching: RHP Joe Cornell
|
|
|
Batting: LHB Josh Manchester
|
0-0: Called Strike 0-1: Swinging Strike 0-2: Ball 1-2: Strikes out swinging
|
|
Batting: LHB Alan Kelly
|
0-0: Called Strike 0-1: Swinging Strike 0-2: Ball 1-2: Foul Ball, location: 2F 1-2: Strikes out swinging
|
|
Pinch Hitting: LHB Brian Nielsen
|
0-0: Ball 1-0: Ball 2-0: Foul Ball, location: 2F 2-1: Ball 3-1: Foul Ball, location: 2F 3-2: Foul Ball, location: 2F 3-2: Foul Ball, location: 2F 3-2: Base on Balls Justin Bruce to second
|
|
Batting: RHB Cody Anderson
|
0-0: Foul Ball, location: 2F 0-1: Ball 1-1: Foul Ball, location: 2F 1-2: Ball 2-2: Strikes out swinging
|
| Bottom of the 7th over - 0 runs, 0 hits, 0 errors, 2 left on base; Peoria 3 - Kane County 0 |
| TOP OF THE 8TH |
|
Peoria Chiefs batting - Pitching for Kane County Cougars : LHP David Legg
|
|
Now at SS: Brian Nielsen
|
|
|
Batting: LHB Christiaan Smits
|
0-0: Ball 1-0: Ball 2-0: Ball 3-0: Foul Ball, location: 2F 3-1: Base on Balls
|
|
Batting: RHB Mike Quackenbush
|
0-0: Ball 1-0: Ball Wild Pitch! Christiaan Smits to second 2-0: Ball 3-0: Base on Balls
|
|
Batting: RHB John Parra
|
0-0: Bunt missed! 0-1: Ball 1-1: Ball 2-1: Bunt missed! 2-2: Ball 3-2: Foul Ball, location: 2F 3-2: Fielders Choice at 2nd, 5-4 (Groundball, 56, EV 99.4 MPH) Christiaan Smits to third
|
|
Pitching: RHP Ernie Schmutz
|
|
|
Batting: SHB Josh Conner
|
0-0: Ball 1-0: Foul Ball, location: 2F 1-1: Ball 2-1: Called Strike 2-2: DOUBLE (Groundball, 5L, EV 110.6 MPH) Christiaan Smits scores John Parra to third Runner from 3rd tries for Home, SAFE, throw by LF to home
|
|
Batting: RHB Josh Lyon
|
0-0: Called Strike 0-1: Ground out 6-3 (Groundball, 6, EV 93.8 MPH)
|
|
Batting: RHB Shadi Njoka
|
0-0: Called Strike 0-1: Swinging Strike 0-2: Strikes out swinging
|
| Top of the 8th over - 2 runs, 1 hit, 0 errors, 1 left on base; Peoria 5 - Kane County 0 |
| BOTTOM OF THE 8TH |
|
Kane County Cougars batting - Pitching for Peoria Chiefs : RHP Joe Cornell
|
|
Batting: RHB Hang-ki Yin
|
0-0: Foul Ball, location: 2F 0-1: Ball 1-1: Foul Ball, location: 2F 1-2: Strikes out swinging
|
|
Batting: RHB Eddie Mitchell
|
0-0: Ball 1-0: Called Strike 1-1: Ball 2-1: Fly out, F2 (Popup, 15S, EV 85.0 MPH)
|
|
Batting: LHB Josh Gottlieb
|
0-0: Foul Ball, location: 2F 0-1: Foul Ball, location: 2F 0-2: Ground out U3 (Groundball, 3, EV 83.1 MPH)
|
| Bottom of the 8th over - 0 runs, 0 hits, 0 errors, 0 left on base; Peoria 5 - Kane County 0 |
| TOP OF THE 9TH |
|
Peoria Chiefs batting - Pitching for Kane County Cougars : RHP Ernie Schmutz
|
|
Batting: LHB Robert Rauda
|
0-0: Ball 1-0: Called Strike 1-1: Ball 2-1: Ball 3-1: SINGLE (Groundball, 13S, EV 65.0 MPH) (infield hit)
|
|
Batting: LHB Yeong-hun Joe
|
0-0: Ball 1-0: Ball 2-0: Called Strike Robert Rauda steals 2nd base 2-1: Ball 3-1: Called Strike 3-2: Fly out, F7 (Flyball, 7, EV 88.8 MPH)
|
|
Batting: SHB Duri Chilemba
|
0-0: Swinging Strike 0-1: Ball 1-1: SINGLE (Groundball, 6D, EV 104.4 MPH) Robert Rauda to third Runner from 3rd tries for Home, SAFE, throw by LF to home
|
|
Batting: LHB Christiaan Smits
|
0-0: Called Strike 0-1: Ball 1-1: Grounds into double play, 5-4-3 (Groundball, 56S, EV 81.3 MPH)
|
| Top of the 9th over - 1 run, 2 hits, 0 errors, 0 left on base; Peoria 6 - Kane County 0 |
| BOTTOM OF THE 9TH |
|
Kane County Cougars batting - Pitching for Peoria Chiefs : RHP Joe Cornell
|
|
Batting: SHB Troy Maynard
|
0-0: Ball 1-0: Ball 2-0: Fly out, F8 (Flyball, 78D, EV 101.9 MPH)
|
|
Batting: RHB Justin Bruce
|
0-0: Foul Ball, location: 2F 0-1: Ball 1-1: Swinging Strike 1-2: Ball 2-2: Strikes out looking
|
|
Batting: LHB Josh Manchester
|
0-0: Called Strike 0-1: Ground out 4-3 (Groundball, 34, EV 91.3 MPH)
|
| Bottom of the 9th over - 0 runs, 0 hits, 0 errors, 0 left on base; Peoria 6 - Kane County 0 |
|